 Dungeon Crawl Stone Soup version 0.18-a0-867-gfd1cc8f (webtiles) character file.

161805 M4edhros the Unseen (level 17, -24/105 HPs)
             Began as an Octopode Artificer on Dec 21, 2015.
             Was an Elder of Fedhas.
             Killed by Shatter
             ... invoked by Jorgrun
              (43 damage)
             ... on level 2 of the Elven Halls.
             The game lasted 01:52:25 (37270 turns).

M4edhros the Unseen (Octopode Artificer)           Turns: 37270, Time: 01:52:29

Health: -24/105    AC: 15    Str:  8    XL:     17   Next: 79%
Magic:  25/32      EV: 20    Int: 35    God:    Fedhas [****..]
Gold:   1572       SH: 10    Dex: 13    Spells: 5 memorised, 15 levels left

rFire  x . .     SeeInvis .     H - +10 dagger of Subterfuge {pain, rF- rN+ MR+ Int+8}
rCold  . . .     Gourm    +     U - +1 shield {AC+3}
rNeg   + . .     Faith    .     l - +2 hat {Int+3}
rPois  +         Spirit   .     e - amulet of the gourmand
rElec  .         Dismiss  .     w - ring of poison resistance
rCorr  .         Reflect  .     B - ring of protection from magic
SustAt .         Harm     .     m - ring of protection from magic
MR     +++++     Clarity  +     n - +3 ring of protection
Stlth  +++++++++.               z - +2 ring of dexterity
                                Y - +2 ring of evasion
                                S - ring of stealth
                                y - +5 ring of intelligence

@: very slightly contaminated, studying Dodging, repel missiles, almost entirely
resistant to hostile enchantments, incredibly stealthy
A: almost no armour, amphibious, 8 rings, constrict 8, antennae 1, iridescent
scales 2, camouflage 1, blurry vision 1, clarity, clumsy 1, dopey 1, high mp 1,
magic resistance 1, weak 1, gelatinous body 1
a: Evolution, Sunlight, Growth, Reproduction, Renounce Religion


You were on level 2 of the Elven Halls.
You worshipped Fedhas.
Fedhas was greatly pleased with you.
You were not hungry.

You visited 5 branches of the dungeon, and saw 28 of its levels.
You also visited: Labyrinth, Sewer and Volcano.

You collected 2947 gold pieces.
You spent 1375 gold pieces at shops.

Inventory:

Hand Weapons
 j - a +9 hunting sling
 D - a +3 scimitar of protection
 H - the +10 dagger of Subterfuge (weapon) {pain, rF- rN+ MR+ Int+8}
   (You found it on level 6 of the Dungeon)

   In the hands of one skilled in necromantic magic, it inflicts extra damage on
   living creatures.
   It affects your intelligence (+8).
   It makes you vulnerable to fire.
   It protects you from negative energy.
   It affects your resistance to hostile enchantments.
Missiles
 g - 425 stones (quivered)
 s - 126 sling bullets
 A - 2 curare-tipped needles
 X - 17 steel sling bullets
Armour
 l - a +2 hat of intelligence (worn)
 R - a +2 buckler of fire resistance
 U - a +1 shield of protection (worn)
Magical Staves
 E - an uncursed staff of earth
Jewellery
 e - an amulet of the gourmand (around mantle)
 m - a ring of protection from magic (on tentacle)
 n - a +3 ring of protection (on tentacle)
 w - a ring of poison resistance (left tentacle)
 y - a +5 ring of intelligence (on tentacle)
 z - a +2 ring of dexterity (on tentacle)
 B - a ring of protection from magic (right tentacle)
 S - a ring of stealth (on tentacle)
 V - an uncursed ring of flight
 Y - a +2 ring of evasion (on tentacle)
Wands
 p - a wand of cold (0/15)
 K - a wand of invisibility (4/9)
 L - a wand of teleportation (2/9)
 O - a wand of enslavement (5/24)
 T - a wand of hasting (1/9)
 Z - a wand of heal wounds (3/9)
Scrolls
 k - 2 scrolls of enchant armour
 q - 2 scrolls of magic mapping
 r - a scroll of recharging
 t - 5 scrolls of teleportation
 M - 3 scrolls of fear
Potions
 a - a potion of resistance
 d - a potion of magic
 u - a potion of berserk rage
 v - 2 potions of cancellation
 G - a potion of flight
 N - a potion of haste
Books
 x - a book of Transfigurations

   Spells                             Type                      Level
   a - Stoneskin                      Transmutation/Earth          2
   b - Irradiate                      Conjuration/Transmutation    5
   c - Statue Form                    Transmutation/Earth          6
   d - Hydra Form                     Transmutation                6
   e - Dragon Form                    Transmutation                7
 I - a manual of Dodging
Miscellaneous
 i - a lantern of shadows
 Q - a fan of gales (inert)
Comestibles
 b - 23 royal jellies
 f - 3 bread rations
 o - 26 fruits
 W - 5 beef jerkies


   Skills:
 - Level 5.8 Fighting
 - Level 1.0 Short Blades
 - Level 12.2 Slings
 + Level 14.4 Dodging
 - Level 15.2 Stealth
 * Level 6.1 Shields
 + Level 8.3 Spellcasting
 + Level 5.9 Charms
 + Level 2.5 Necromancy
 * Level 9.1 Transmutations
 * Level 9.1 Earth Magic
 + Level 10.2 Invocations
 - Level 10.1 Evocations


You had 15 spell levels left.
You knew the following spells:

 Your Spells              Type           Power        Failure   Level  Hunger
a - Stoneskin             Trmt/Erth      ######..     1%          2    None
b - Statue Form           Trmt/Erth      ######...    34%         6    #####..
c - Regeneration          Chrm/Necr      #####.....   6%          3    None
d - Repel Missiles        Chrm/Air       #####.       4%          2    None
e - Leda's Liquefaction   Hex/Erth       #####.....   14%         4    None


Dungeon Overview and Level Annotations

Branches:
Dungeon (15/15)            Temple (1/1) D:7            Lair (8/8) D:10
 Shoals (0/4) Lair:4       Spider (0/4) Lair:3        Slime (0/6) Lair:7
    Orc (2/2) D:11            Elf (2/3) Orc:2        Vaults (0/5) D:14
 Depths: D:15

Altars:
Ashenzari
Cheibriados
Dithmenos
Elyvilon
Fedhas
Gozag
Kikubaaqudgha
Makhleb
Nemelex Xobeh
Okawaru
Pakellas
Qazlal
Ru
Sif Muna
Trog
Vehumet
Xom
Yredelemnul
Zin
The Shining One
Beogh
Jiyva

Shops:
D:13 (   Orc:2 [**[:   Elf:2 =

Annotations:
D:14 exclusion: Roxanne, Roxanne
Elf:2 exclusion: hyperactive ballistomycete, Jorgrun


Innate Abilities, Weirdness & Mutations

You cannot wear most types of armour.
You are amphibious.
You can wear up to eight rings at the same time.
You can use your tentacles to constrict eight enemies at once.
Your skin changes colour to match your surroundings (Stealth).
Your rubbery body absorbs attacks (AC +1).
You have a pair of small antennae on your head.
You are mostly covered in iridescent scales (AC +6).
Scrolls take you a little longer to read.
You possess an exceptional clarity of mind.
You are clumsy. (Dex -2)
You are dopey. (Int -2)
You have an increased reservoir of magic (+10% MP).
You are resistant to hostile enchantments.
You are weak. (Str -2)


Message History

You can now spawn explosive spores.
Fedhas is greatly pleased with you.
Your air elemental barely misses the broad axe of freezing.
The broad axe of freezing hits your air elemental!
The broad axe of freezing freezes your air elemental.
Your air elemental is destroyed!
The deep elf mage hits your hyperactive ballistomycete with a rapier.
The deep elf archer unwields an uncursed longbow.
The deep elf archer wields an uncursed falchion.
The deep elf archer closely misses the deep elf mage.
Unknown command.
No corpses are in range.
You flicker back into view.
Jorgrun mumbles some strange words.
The dungeon rumbles around Jorgrun!
The toadstool is destroyed!
You shudder from the earth-shattering force.
You die...
Xom chortles!
Fedhas appreciates your contribution to the ecosystem.

#...#...≈≈≈..e.
#...#.........+###
#.............e...
#.................
#.................
#.................
#.................
#......f..).......
#@..([......≈≈≈≈≈.
#...g..))P).)≈≈≈≈.
#.....(e.P..≈≈.≈≈.
#(.......P).≈≈≈≈≈.
#...PP.Pe...≈≈≈≈≈(
#...PPPPPP..§.....
#......PPP).......
#......PP)........
#.....P.).........


You could see Jorgrun, a deep elf archer (confused), a deep elf mage (confused),
a broad axe of freezing and a friendly wandering mushroom.

Vanquished Creatures
  Maud (Lair:4)
  2 deep elf sorcerers (Elf:1)
  Snorg (D:12)
  A minotaur (Lab)
  5 hydras
  An ice dragon (Lair:8)
  2 centaur warriors (D:15)
  A dancing weapon (Elf:1)
  An ogre mage (Volcano)
  12 death yaks
  Urug (Lair:2)
  Nergalle (D:12)
  4 deep elf knights
  An unseen horror (D:10)
  2 deep elf archers (Elf:1)
  5 hill giants
  An orb spider (shapeshifter) (D:15)
  2 lindwurms
  3 ugly things (D:15)
  An orc sorcerer (Orc:1)
  A wizard (D:15)
  2 griffons
  7 orc knights
  27 deep elf magi
  6 cyclopes
  3 manticores
  3 black mambas
  11 elephants
  12 spiny frogs
  2 molten gargoyles (Volcano)
  6 torpor snails (Lair:8)
  2 fire drakes
  4 kobold demonologists
  A freezing wraith (D:14)
  9 komodo dragons
  7 trolls
  A wind drake (Elf:1)
  4 two-headed ogres
  A queen bee (D:9)
  6 slime creatures
  Prince Ribbit (D:7)
  3 giant leeches (Lair:8)
  2 raiju (Lair:8)
  7 polar bears
  11 blink frogs
  A spriggan (D:11)
  A blink frog (shapeshifter) (D:15)
  3 wyverns (Lair:7)
  2 redbacks (Lair:3)
  4 water elementals (Elf:1)
  Sigmund (D:5)
  A spriggan (shapeshifter) (D:14)
  5 air elementals
  3 wraiths (D:15)
  A shadow (D:14)
  2 hogs (shapeshifter)
  3 trapdoor spiders (Lab)
  3 basilisks
  12 hungry ghosts
  12 wolves
  34 yaks
  13 wargs
  4 vampire mosquitoes (D:14)
  5 hippogriffs
  A mottled dragon (D:13)
  20 water moccasins
  29 orc warriors
  14 porcupines
  2 hell hounds (Lair:8)
  3 wasps (Lair:8)
  2 ice beasts
  12 black bears
  3 phantoms
  14 ogres
  5 centaurs
  4 eyes of draining
  15 crocodiles
  6 big kobolds
  Blork the orc (D:5)
  20 giant frogs
  3 gnoll sergeants
  An earth elemental (Elf:1)
  2 wyvern skeletons
  2 scorpions
  A spriggan skeleton (Lab)
  29 killer bees
  5 crimson imps
  An electric eel (Lair:4)
  20 hounds
  6 wights
  A quasit (D:7)
  7 lava snakes
  6 orc priests
  12 centaur skeletons
  A centaur zombie (D:6)
  2 jellies
  14 orc wizards
  Jessica (D:3)
  3 giant frog skeletons
  8 iguanas
  Crazy Yiuf (D:6)
  Natasha (thrice) (D:2)
  2 sirens (Sewer)
  14 worker ants
  A killer bee zombie (D:6)
  A merfolk avatar (Sewer)
  14 sheep
  2 ogre skeletons (Lab)
  A mummy (D:10)
  15 adders
  3 gnolls (D:6)
  53 river rats
  3 shadow imps
  2 oozes
  An adder zombie (D:7)
  5 wandering mushrooms
  20 worms
  7 giant geckos
  83 orcs
  7 bats
  10 giant cockroaches
  10 goblins
  3 hobgoblins
  15 jackals
  16 kobolds
  4 quokkas
  5 ball pythons
  A giant gecko skeleton (D:4)
  A giant gecko zombie (D:6)
  14 giant newts
  A jackal skeleton (D:5)
  27 rats
  6 ballistomycetes
  3 fire vortices (Elf:1)
  2 giant spores (Lair:8)
  4 toadstools
933 creatures vanquished.

Vanquished Creatures (collateral kills)
  Saint Roka (Elf:2)
  Rupert (D:14)
  Gastronok (Lair:1)
  Wiglaf (Elf:1)
  Louise (D:15)
  Josephine (D:15)
  2 hydras
  8 death yaks
  2 dancing weapons (Elf:1)
  2 deep elf knights
  A deep elf archer (Elf:1)
  A lindwurm (Lair:8)
  2 orc knights (Orc:2)
  3 ugly things
  A hill giant (D:11)
  2 manticores
  4 deep elf magi
  4 elephants
  Maurice (Orc:2)
  A torpor snail (Lair:8)
  A gargoyle (D:12)
  A komodo dragon (Lair:3)
  A kobold demonologist (D:11)
  A spiny frog (Lair:8)
  2 jumping spiders (Lair:3)
  A fire drake (Lair:6)
  A giant leech (Lair:8)
  A troll (D:12)
  2 wind drakes (Elf:1)
  A merfolk (D:11)
  4 polar bears
  6 blink frogs
  4 slime creatures
  A two-headed ogre (D:12)
  18 yaks
  A hippogriff (D:11)
  A wraith (D:15)
  A wyvern (D:11)
  A vampire (D:12)
  A redback (Lair:3)
  A basilisk (Lair:1)
  2 air elementals (Elf:1)
  The ghost of Raultor the Ruffian, an amateur DrMo of Ashenzari (D:4)
  2 hungry ghosts
  A steam dragon (D:11)
  A fire elemental (Elf:1)
  3 wargs
  6 wolves
  2 porcupines
  12 orc warriors
  3 water moccasins
  A hell hound (Lair:8)
  An ogre (D:9)
  3 black bears (Lair:8)
  2 phantoms
  4 centaurs
  5 crocodiles
  2 big kobolds
  2 giant frogs
  A wyvern skeleton (D:8)
  7 killer bees
  5 wights (D:8)
  A centaur zombie (D:9)
  A crimson imp (D:15)
  A giant frog skeleton (D:4)
  A centaur skeleton (Lab)
  An orc wizard (D:6)
  2 orc priests
  5 sheep
  An adder (D:8)
  2 river rats (Lair:8)
  10 gnolls
  An ooze (D:5)
  A worm (Lair:8)
  16 orcs
  A ball python (D:5)
  A jackal (D:8)
  A jackal skeleton (D:8)
  4 kobolds (D:11)
  A bush (Lair:6)
  13 giant spores
  2 hyperactive ballistomycetes
223 creatures vanquished.

Vanquished Creatures (others)
  A deep elf elementalist (Elf:1)
  5 oklob plants
  10 deep elf magi
  A yak (Lair:8)
  A hippogriff (Lair:8)
  2 water moccasins
  An ogre (D:4)
  An orc warrior (Elf:2)
  A big kobold (D:11)
  2 earth elementals (Elf:1)
  An orc priest (D:7)
  A wasp zombie (D:10)
  A hound (D:5)
  A worker ant (D:10)
  A sheep (Lair:6)
  An adder (D:11)
  An orc (D:3)
  55 wandering mushrooms
  44 ballistomycetes
  2 bushes (Lair:8)
  19 fungi
  11 giant spores
  3 hyperactive ballistomycetes
  39 plants
  900 toadstools
1105 creatures vanquished.

Grand Total: 2261 creatures vanquished

Notes
Turn   | Place    | Note
--------------------------------------------------------------
     0 | D:1      | M4edhros the Octopode Artificer began the quest for the Orb.
     0 | D:1      | Reached XP level 1. HP: 13/13 MP: 3/3
    78 | D:1      | Reached XP level 2. HP: 11/18 MP: 4/4
   794 | D:2      | Noticed Natasha
   854 | D:2      | Killed Natasha
   854 | D:2      | Reached skill level 1 in Slings
   854 | D:2      | Reached XP level 3. HP: 12/23 MP: 5/5
  1021 | D:2      | Noticed Natasha
  1030 | D:2      | Killed Natasha
  1122 | D:3      | Reached XP level 4. HP: 25/28 MP: 6/6
  1220 | D:3      | Noticed Jessica
  1234 | D:3      | Killed Jessica
  1312 | D:3      | Found a glowing drain.
  1320 | Sewer    | Entered a sewer
  1399 | Sewer    | Reached skill level 4 in Stealth
  1399 | Sewer    | Reached XP level 5. HP: 25/33 MP: 7/7
  2056 | D:4      | Noticed an ogre
  2081 | D:4      | Killed an ogre
  2081 | D:4      | Reached skill level 5 in Stealth
  2081 | D:4      | Reached XP level 6. HP: 38/38 MP: 9/9
  2326 | D:4      | Found a white marble altar of Elyvilon.
  2336 | D:4      | Reached XP level 7. HP: 43/43 MP: 10/10
  2342 | D:4      | Noticed Raultor's ghost (amateur DrMo)
  2620 | D:5      | Entered Level 5 of the Dungeon
  2620 | D:5      | Found a sparkling altar of Nemelex Xobeh.
  2657 | D:5      | Reached skill level 6 in Stealth
  2691 | D:5      | Found a bloodstained altar of Trog.
  2832 | D:5      | Noticed Blork the orc
  2840 | D:5      | Killed Blork the orc
  3157 | D:5      | Reached skill level 5 in Dodging
  3234 | D:5      | Noticed Sigmund
  3287 | D:5      | Reached skill level 7 in Stealth
  3287 | D:5      | Reached skill level 5 in Evocations
  3287 | D:5      | Reached XP level 8. HP: 16/48 MP: 11/11
  3340 | D:5      | Killed Sigmund
  3617 | D:6      | Found a glowing golden altar of the Shining One.
  4124 | D:6      | Reached skill level 5 in Slings
  4296 | D:6      | Reached skill level 8 in Stealth
  4664 | D:6      | Got a translucent helmet
  4783 | D:6      | Noticed Crazy Yiuf
  4786 | D:6      | Reached XP level 9. HP: 53/53 MP: 13/13
  4886 | D:6      | Got a crude dagger
  4887 | D:6      | Identified the +10 dagger of Subterfuge {pain, rF- rN+ MR+ Int+8} (You found it on level 6 of the Dungeon)
  4997 | D:6      | Killed Crazy Yiuf
  5556 | D:6      | Reached skill level 9 in Stealth
  6058 | D:7      | Found a deep blue altar of Sif Muna.
  6075 | D:7      | Found a staircase to the Ecumenical Temple.
  6097 | Temple   | Entered the Ecumenical Temple
  6120 | Temple   | Became a worshipper of Xom of Chaos
  6155 | Temple   | Fell from the grace of Xom
  6155 | Temple   | Became a worshipper of Fedhas Madash
  7256 | D:2      | Reached * piety under Fedhas
  7282 | D:2      | Noticed Natasha
  7299 | D:2      | Killed Natasha
  7649 | D:3      | XOM: stat loss: -1 Int (25/26)
  7898 | D:4      | Killed Raultor's ghost
  8111 | D:7      | Noticed Prince Ribbit
  8112 | D:7      | Killed Prince Ribbit
  8112 | D:7      | Reached skill level 10 in Stealth
  8121 | D:7      | Found a shattered altar of Ashenzari.
  8121 | D:7      | Noticed a centaur skeleton
  8137 | D:7      | Killed a centaur skeleton
  8618 | D:7      | Found a shadowy altar of Dithmenos.
  8868 | D:7      | Reached XP level 10. HP: 55/58 MP: 14/14
  8979 | D:7      | Found an iron altar of Okawaru.
  8981 | D:7      | Found a white marble altar of Elyvilon.
  9021 | D:7      | XOM: noise
  9132 | D:7      | Found an opulent altar of Gozag.
  9133 | D:7      | Found a glowing silver altar of Zin.
  9236 | D:8      | XOM: polymorph wandering mushroom -> wandering mushroom
  9276 | D:8      | Found a stormy altar of Qazlal.
  9312 | D:8      | Found a burning altar of Makhleb.
  9313 | D:8      | Found a radiant altar of Vehumet.
  9355 | D:8      | Reached skill level 11 in Stealth
  9575 | D:8      | XOM: noise
  9775 | D:8      | XOM: give mutations
  9775 | D:8      | Gained mutation: You are weak. (Str -2) [Xom's mischief]
  9775 | D:8      | Gained mutation: You are partially covered in iridescent scales (AC +4). [Xom's mischief]
  9775 | D:8      | Lost mutation: You are weak. (Str -2) [Xom's mischief]
  9775 | D:8      | Gained mutation: Your body sometimes deteriorates upon taking damage. [Xom's mischief]
  9820 | D:8      | Reached ** piety under Fedhas
 10324 | D:9      | Gained mutation: You are resistant to hostile enchantments. [potion of beneficial mutation]
 10325 | D:9      | Gained mutation: You possess an exceptional clarity of mind. [potion of beneficial mutation]
 10326 | D:9      | Gained mutation: You have a pair of small antennae on your head. [potion of beneficial mutation]
 10504 | D:9      | XOM: polymorph wandering mushroom -> oklob plant
 10516 | D:9      | XOM: polymorph oklob plant -> oklob plant
 10531 | D:9      | XOM: medium Trmt miscast
 10886 | D:10     | Entered Level 10 of the Dungeon
 10896 | D:10     | Noticed an oklob plant
 10898 | D:10     | Found a staircase to the Lair.
 10976 | D:10     | Reached skill level 12 in Stealth
 11065 | D:10     | Noticed an unseen horror
 11077 | D:10     | Killed an unseen horror
 11077 | D:10     | Reached XP level 11. HP: 26/63 MP: 10/16
 11103 | D:10     | XOM: medium Summ miscast
 11543 | D:10     | XOM: noise
 11610 | D:10     | XOM: medium Necr miscast
 11991 | D:11     | Reached skill level 13 in Stealth
 12144 | D:11     | XOM: medium Chrm miscast
 12235 | D:11     | XOM: divination: detect creatures
 12385 | D:11     | Reached *** piety under Fedhas
 12390 | D:11     | Noticed an orc knight
 12404 | D:11     | Reached skill level 1 in Spellcasting
 12424 | D:11     | Killed an orc knight
 12424 | D:11     | Reached skill level 10 in Dodging
 12562 | D:11     | Found a roughly hewn altar of Beogh.
 12587 | D:11     | Found a staircase to the Orcish Mines.
 12610 | D:11     | Noticed a hill giant
 12616 | D:11     | XOM: medium Erth miscast
 12625 | D:11     | Killed a hill giant
 12625 | D:11     | Reached skill level 1 in Invocations
 12904 | D:11     | Noticed a hill giant
 12920 | D:11     | Killed a hill giant
 12940 | D:11     | XOM: mild Erth miscast
 13223 | D:11     | Noticed a hill giant
 13244 | D:11     | Killed a hill giant
 13277 | D:11     | XOM: medium Hex miscast
 13480 | D:12     | Reached XP level 12. HP: 39/72 MP: 17/17
 13521 | D:12     | Reached skill level 10 in Slings
 13634 | D:12     | Noticed Snorg
 13659 | D:12     | XOM: noise
 13794 | D:12     | XOM: medium Hex miscast
 13824 | D:12     | Killed Snorg
 14075 | D:12     | Noticed Nergalle
 14184 | D:8      | XOM: medium Trmt miscast
 14191 | D:8      | Gained mutation: You are weak. (Str -2) [mutagenic glow]
 14223 | Lair:1   | Entered Level 1 of the Lair of Beasts
 14579 | Lair:1   | Noticed Gastronok
 14756 | Lair:1   | Killed Gastronok
 14770 | Lair:1   | XOM: polymorph wandering mushroom -> wandering mushroom
 14835 | Lair:1   | Noticed a five-headed hydra
 14847 | Lair:1   | Killed a five-headed hydra
 15055 | Lair:1   | XOM: mild Chrm miscast
 15104 | Lair:1   | XOM: noise
 15839 | Lair:2   | XOM: harmless Tloc miscast
 15993 | Lair:2   | Reached **** piety under Fedhas
 16070 | Lair:2   | Reached skill level 5 in Invocations
 16079 | Lair:2   | Got a bloodstained hand axe
 16080 | Lair:2   | Identified the +5 hand axe "Jiffax" {chop, Str+3 Int-2 Dex+4} (You found it on level 2 of the Lair of Beasts)
 16141 | Lair:2   | XOM: harmless Air miscast
 16141 | Lair:2   | Was forgiven by Xom
 16242 | Lair:2   | Noticed Urug
 16250 | Lair:2   | Killed Urug
 16250 | Lair:2   | Reached skill level 14 in Stealth
 16510 | Lair:3   | Noticed a seven-headed hydra
 16517 | Lair:3   | Killed a seven-headed hydra
 16517 | Lair:3   | Reached XP level 13. HP: 34/77 MP: 19/19
 16804 | Lair:3   | Found an ancient bone altar of Kikubaaqudgha.
 17053 | Lair:3   | Found a hole to the Spider Nest.
 17587 | Lair:4   | Found a dark tunnel.
 17598 | Volcano  | Entered a volcano
 18127 | Volcano  | Found a burning altar of Makhleb.
 18468 | Lair:4   | Reached skill level 5 in Spellcasting
 18813 | Lair:4   | Noticed Maud
 18818 | Lair:4   | Killed Maud
 18888 | Lair:4   | Reached skill level 15 in Stealth
 19536 | Lair:4   | Reached skill level 10 in Evocations
 19653 | Lair:4   | Found a staircase to the Shoals.
 19959 | Lair:5   | Found a labyrinth entrance.
 20018 | Lab      | Entered a labyrinth
 20963 | Lab      | Reached XP level 14. HP: 81/83 MP: 22/22
 21231 | Lab      | Identified the Disquisition on Shifting Earth
 21237 | Lab      | Identified the Grimoire of Augmentations and the Birds
 21257 | Lair:5   | Learned a level 2 spell: Stoneskin
 21264 | Lair:5   | Learned a level 6 spell: Statue Form
 21445 | Lair:5   | Reached skill level 1 in Transmutations
 21783 | Lair:5   | Reached skill level 1 in Earth Magic
 23108 | Lair:7   | Found a staircase to the Slime Pits.
 23110 | Lair:7   | Found a viscous altar of Jiyva.
 24745 | Lair:7   | Reached skill level 5 in Transmutations
 24905 | Lair:8   | Entered Level 8 of the Lair of Beasts
 24930 | Lair:8   | Found a runed door.
 25085 | Lair:8   | Reached ***** piety under Fedhas
 25163 | Lair:8   | Reached skill level 5 in Fighting
 25225 | Lair:8   | Reached XP level 15. HP: 82/92 MP: 25/25
 25637 | Lair:8   | Reached skill level 5 in Earth Magic
 26394 | Lair:8   | Reached skill level 5 in Charms
 26394 | Lair:8   | Reached XP level 16. HP: 74/98 MP: 26/26
 26396 | Lair:8   | Gained mutation: You are dopey. (Int -2) [potion of mutation]
 26396 | Lair:8   | Lost mutation: You are dopey. (Int -2) [potion of mutation]
 27528 | Orc:1    | Entered Level 1 of the Orcish Mines
 27934 | Orc:2    | Entered Level 2 of the Orcish Mines
 28043 | Orc:2    | Noticed Maurice
 28057 | Orc:2    | Killed Maurice
 28517 | Orc:2    | Found Viogo's Assorted Antiques.
 28517 | Orc:2    | Found Wanaesas's Antique Armour Shop.
 28555 | Orc:2    | Bought a potion of heal wounds for 135 gold pieces
 28897 | Orc:2    | Found a roughly hewn altar of Beogh.
 28953 | Orc:2    | Found a roughly hewn altar of Beogh.
 29138 | Orc:2    | Found Etruot's Assorted Antiques.
 29148 | Orc:2    | Bought a glowing buckler for 121 gold pieces
 29156 | Orc:2    | Found a staircase to the Elven Halls.
 29316 | Orc:2    | Found Caxzoimp's Antique Armour Shop.
 29316 | Orc:2    | Found Wowo's Book Shoppe.
 29327 | Orc:2    | Bought a shiny shield for 135 gold pieces
 29336 | Orc:2    | Bought a book of Necromancy for 360 gold pieces
 29355 | Orc:2    | Learned a level 3 spell: Regeneration
 29988 | D:12     | Reached skill level 1 in Shields
 30012 | D:12     | Killed Nergalle
 30104 | D:12     | Found a shimmering altar of Xom.
 30520 | D:13     | Gained mutation: One of your tentacles bears a spike. [mutagenic meat]
 30521 | D:13     | Lost mutation: Your body sometimes deteriorates upon taking damage. [mutagenic meat]
 30983 | D:13     | Found Massakhu's Antique Weapon Shoppe.
 31201 | D:14     | Noticed Rupert
 31219 | D:14     | Killed Rupert
 31286 | D:14     | Noticed Roxanne
 31989 | D:14     | Reached XP level 17. HP: 105/105 MP: 28/28
 32275 | D:14     | Found a gate to the Vaults.
 32358 | D:15     | Entered Level 15 of the Dungeon
 32456 | D:15     | Noticed Louise
 32500 | D:15     | Killed Louise
 32573 | D:15     | Gained mutation: You are dopey. (Int -2) [mutagenic meat]
 33030 | D:15     | Gained mutation: Your flesh is heat resistant. [mutagenic meat]
 33031 | D:15     | Gained mutation: You have an increased reservoir of magic (+10% MP). [mutagenic meat]
 33033 | D:15     | Gained mutation: You are clumsy. (Dex -2) [mutagenic meat]
 33034 | D:15     | Lost mutation: Your flesh is heat resistant. [mutagenic meat]
 33123 | D:15     | Noticed Josephine
 33135 | D:15     | Killed Josephine
 33647 | Elf:1    | Entered Level 1 of the Elven Halls
 33689 | Elf:2    | Noticed Saint Roka
 33693 | Elf:2    | Found Jameveco's Jewellery Shop.
 33714 | Elf:2    | Noticed Wiglaf
 33723 | Elf:2    | Noticed Jorgrun
 35252 | Elf:1    | Reached skill level 5 in Shields
 35305 | Elf:1    | Reached skill level 1 in Necromancy
 35311 | Elf:1    | Identified the Reference Book on Arcane Weapons (You found it on level 1 of the Elven Halls)
 35482 | Orc:2    | Bought the Papyrus of Aerial Confrontation for 624 gold pieces
 35485 | Orc:2    | Learned a level 2 spell: Repel Missiles
 35904 | Elf:1    | Killed Wiglaf
 36406 | Elf:1    | Identified Ryatrutt's Collected Works on the Excruciating Arsonist
 36414 | Elf:1    | Identified the Incunabulum of the Mountains and Shape Shifting
 36420 | Elf:1    | Learned a level 4 spell: Leda's Liquefaction
 36506 | Elf:1    | Reached skill level 10 in Invocations
 37190 | Elf:2    | Lost mutation: One of your tentacles bears a spike. [mutagenic meat]
 37191 | Elf:2    | Gained mutation: You are mostly covered in iridescent scales (AC +6). [mutagenic meat]
 37193 | Elf:2    | Gained mutation: Scrolls take you a little longer to read. [mutagenic meat]
 37267 | Elf:2    | Killed Saint Roka
 37270 | Elf:2    | Killed from afar by Jorgrun

Vault maps used:
D:1:      dpeg_arrival_subterranean_lakeside_camping, serial_bayou_crossing
D:2:      uniq_natasha
D:3:      lightli_sewer_entry_pipes, uniq_jessica
D:4:      first_bread, dk_noncrumbling_4, elyvilon_altar_3
D:5:      kennysheep_mini, nemelex_deck, uniq_blork_the_orc, uniq_sigmund
D:6:      minmay_stone_trees_small, tso_metal_star, uniq_crazy_yiuf_cottage
D:7:      grunt_temple_overflow_gold_and_silver, evilmike_ruin_ashenzari,
          lemuel_doored_altar, nicolae_overflow_hidden_temple,
          minmay_temple_entry_hall, uniq_prince_ribbit1
D:8:      lemuel_ice_spiral_2, grunt_temple_overflow_lords_of_destruction,
          grunt_qazlal_sundering
D:9:      special_room
D:10:     dpeg_oklobed_lair, serial_undead, serial_undead_a, serial_undead_b,
          serial_undead_e, serial_undead_a, serial_undead_b
D:11:     david_orc_5, hangedman_stone_soup, corexii_corridor_pit
D:12:     lemuel_statue_altar, uniq_nergalle, uniq_snorg
D:13:     serial_shops, nicolae_shop_behind_doors, roderic_nine_men_s_morris
D:14:     david_vaults_4, minivault_23, uniq_rupert, uniq_roxanne
D:15:     gammafunk_enter_depths_forms, uniq_louise, uniq_josephine
Temple:   circular_temple_pool_8
Lair:1:   beast_lair_carwin_3, lemuel_fruit_fields, uniq_gastronok
Lair:2:   grunt_megastairs_4, infiniplex_staircase_pool, uniq_urug
Lair:3:   spider_nest_entry_funnel_web, basic_altar, patterned_corridor,
          infiniplex_staircase_pool_2
Lair:4:   elwin_shoals_entry_rooms, nicolae_volcano_entry_hallway,
          grunt_megastairs_3, serial_bayou_shore_b, lemuel_fruit_tree, uniq_maud
Lair:5:   lab_entry_generic
Lair:6:   hangedman_lair_unloving_vines, grunt_megastairs_1
Lair:7:   slime_altar_1, beast_lair_carwin_11
Lair:8:   wormcave, hangedman_lair_caniforms_friends,
          grunt_forest_large_clearings
Orc:1:    serial_shops, nicolae_shop_statue_plus
Orc:2:    st_orc_town, serial_shops, nicolae_shop_crystal, basic_altar,
          uniq_maurice
Elf:1:    mu_elemental_laboratory, minmay_elf_sorcery, uniq_kirke
Elf:2:    serial_shops, nicolae_shop_stone, minivault_15, uniq_jorgrun,
          uniq_saint_roka, uniq_wiglaf
Lab:      nicolae_lab_dead_adventurers, nicolae_lab_starburst,
          nicolae_lab_big_swirl, nicolae_lab_swirl, nicolae_lab_blocks,
          lab_block, nicolae_lab_grate, nicolae_lab_flowing_pool,
          nicolae_lab_quarters, labyrinth_lava_lair, lab_fountain,
          nicolae_lab_stuck
Sewer:    sewer_sea
Volcano:  volcano_lake

Action                   |  1- 3 |  4- 6 |  7- 9 | 10-12 | 13-15 | 16-18 || total
-------------------------+-------+-------+-------+-------+-------+-------++-------
Melee: Short sword       |    53 |    61 |       |       |       |       ||   114
       Whip              |     6 |       |       |       |       |       ||     6
       Rapier            |       |     6 |     9 |       |       |       ||    15
       Spear             |       |     3 |    77 |    16 |       |       ||    96
       Hunting sling     |       |     1 |       |       |       |     5 ||     6
       Scimitar          |       |       |    34 |    20 |       |     2 ||    56
       Dagger            |       |       |   132 |   276 |   152 |   282 ||   842
       Mace              |       |       |    10 |       |       |       ||    10
 Fire: Hunting sling     |     1 |    14 |       |   605 |  1422 |  1442 ||  3484
 Cast: Stoneskin         |       |       |       |       |     1 |     2 ||     3
       Regeneration      |       |       |       |       |       |     2 ||     2
       Repel Missiles    |       |       |       |       |       |     1 ||     1
Invok: Evolution         |       |       |     4 |    18 |    26 |    34 ||    82
       Sunlight          |       |       |       |     3 |       |     6 ||     9
       Reproduction      |       |       |       |       |     6 |     3 ||     9
       Growth            |       |       |       |       |       |     4 ||     4
       Rain              |       |       |       |       |       |     2 ||     2
 Abil: Evoke Flight      |       |       |       |       |     2 |       ||     2
Evoke: Wand              |     5 |    15 |    46 |    30 |    37 |    28 ||   161
       Fan of gales      |       |       |       |       |       |     2 ||     2
  Use: Scroll            |     4 |     2 |     8 |    14 |    14 |     9 ||    51
       Potion            |       |       |     8 |    10 |     7 |    18 ||    43
 Stab: Sleeping          |     5 |    21 |    28 |    32 |    20 |     8 ||   114
       Confused          |       |       |     2 |     4 |     1 |     1 ||     8
       Distracted        |       |       |     2 |     2 |       |     2 ||     6
       Invisible         |       |       |       |     7 |       |     7 ||    14
       Paralysed         |       |       |       |     3 |     4 |       ||     7
  Eat: Chunk             |     1 |     3 |    14 |       |       |    14 ||    32
       Meat ration       |       |       |     2 |     4 |     3 |     1 ||    10
       Beef jerky        |       |       |     1 |     1 |     2 |       ||     4
       Bread ration      |       |       |     1 |       |     4 |     7 ||    12
       Pizza             |       |       |       |     1 |     1 |       ||     2
